 Dungeon Crawl Stone Soup version 0.28.0-45-g0d030f2227 (webtiles) character file.

Game seed: 7608887549659907329

170 zeratav the Caller (level 5, -4/28 HPs)
             Began as a Tengu Summoner on Apr 13, 2022.
             Slain by a gnoll
             ... wielding a +0 halberd
              (10 damage)
             ... on level 3 of the Dungeon on Apr 14, 2022.
             The game lasted 00:08:49 (3220 turns).

zeratav the Caller (Tengu Summoner)                 Turns: 3220, Time: 00:08:50

Health: -4/28      AC:  2    Str:  8    XL:     5   Next: 50%
Magic:  4/10       EV: 14    Int: 17    God:
Gold:   85         SH:  0    Dex: 15    Spells: 6/10 levels left

rFire   . . .      SeeInvis .   i - +2 dagger (elec) {short}
rCold   . . .      Faith    .   (no shield)
rNeg    . . .      Spirit   .   a - +0 robe
rPois   .          Reflect  .   (helmet restricted)
rElec   .          Harm     .   (no cloak)
rCorr   .          Rampage  .   (no gloves)
Will    .....                   (boots unavailable)
Stlth   +.........              (no amulet)
HPRegen 0.09/turn               (no ring)
MPRegen 0.12/turn               (no ring)

@: confused, flying quickly and evasively, quick
A: beak, talons 3, nimble flight
a: no special abilities


You were on level 3 of the Dungeon.
You visited 1 branch of the dungeon, and saw 3 of its levels.

You collected 85 gold pieces.


Innate Abilities, Weirdness & Mutations

You have a beak for a mouth.
You have claws for feet.
Your magical nature lets you fly swiftly and evasively.


   Skills:
 - Level 2.1 Dodging
 - Level 2.0 Stealth
 + Level 3.3 Spellcasting
 * Level 7.1 Summonings


You had 6 spell levels left.
You knew the following spells:

 Your Spells              Type           Power      Damage    Failure   Level
a - Summon Small Mammal   Summ           100%       N/A       1%          1
b - Call Canine Familiar  Summ           26%        N/A       2%          3

Your spell library contained the following spells:

 Spells                   Type           Power      Damage    Failure   Level
 Call Imp                 Summ           26%        N/A       1%          2
 Summon Guardian Golem    Hex/Summ       14%        N/A       12%         3
 Summon Lightning Spire   Summ/Air       14%        N/A       36%         4
 Gell's Gravitas          Tloc           2%         N/A       45%         3
 Teleport Other           Tloc           2%         N/A       45%         3
 Dispersal                Tloc           1%         N/A       100%        6

Inventory:

Hand Weapons
 i - a +2 dagger of electrocution (weapon) {short}
   (You took it off a goblin on level 3 of the Dungeon)
Armour
 a - a +0 robe (worn)
Scrolls
 b - a scroll of identify {unknown}
 c - a scroll of teleportation {unknown}
 d - a scroll of blinking {unknown}
 f - a scroll of magic mapping {unknown}
 g - a scroll of noise {unknown}
Potions
 e - a potion of mutation {unknown}
 h - a potion of degeneration {unknown}
 j - a potion of curing {unknown}

Dungeon Overview and Level Annotations

Branches:
Dungeon (3/15)

Altars:
Trog

#....###### ##.##
##.#### #.# ...#
##.# ...########
#..# ..........#
#.## #.........# #.#
#.........# #.#
#.........######.#
...............#@#
...........#####.#
######)....# #g#
#....### ###h#
#.##..# ##..(##
#####)###.###.)...##
#.....#
#.##ยง..<...#
#.##### #.##..)....#
).# #..........#


You could see a gnoll and a friendly hound (summoned).


Message History

r - Retreat! s - Stop attacking. g - Guard the area. f - Follow me.
Anything else - Cancel.
Gang up on whom?
Press: ? - help, Dir - move target, f/p - orc
Aim: an orc, wielding a +0 club and wearing a +0 leather armour (almost dead, ally target) Attack!
Your hound closely misses the orc.
The orc closely misses your hound.
Your bat completely misses the orc.
The orc wizard points at you and mumbles some strange words.
The puff of flame misses your hound. The puff of flame hits your bat!
Your bat dies!
Your bat's corpse disappears in a puff of smoke!
Your quokka misses the orc. The gnoll misses your hound.
Your hound barely misses the orc.
You hit the orc but do no damage. The orc hits you with a +0 club.
The orc wizard points at you and mumbles some strange words.
Your hound resists with significant effort.
Your quokka closely misses the orc.
Your hound bites the orc wizard.
The gnoll hits your hound with a +0 halberd!
Your hound dies!
Your hound's corpse disappears in a puff of smoke!
HP[-4]
You take 4 damage, and now have 23/28 hp.
You barely miss the orc. Your kick misses the orc. The orc misses you.
Your quokka bites the orc.
The orc dies!
The orc wizard barely misses your quokka.
HP[+1]
Casting: Summon Small Mammal (safe; 1% risk of failure)
Confirm with . or Enter, or press ? or * to list all spells.
The gnoll hits you from afar with a +0 halberd.
Your quokka bites the gnoll.
HP[-4] MP[-3]
You take 4 damage, and now have 20/28 hp.
You lost 3 mp, and now have 2/10 mp.
What are your orders? t - Shout!
Orders for allies: a - Attack new target. r - Retreat! s - Stop attacking. g - Guard the area. f - Follow me.
Anything else - Cancel.
Gang up on whom?
Press: ? - help, Dir - move target, f - orc wizard
Aim: an orc wizard, wielding a +0 dagger and wearing a +0 robe (lightly wounded) Attack!
The orc wizard hits your quokka with a +0 dagger.
The gnoll completely misses you.
Your quokka barely misses the orc wizard.
MP[+1]
Your hound bites the orc wizard.
The orc wizard points at you and mumbles some strange words.
The magic dart hits you.
* * * LOW HITPOINT WARNING * * *
The gnoll barely misses you.
Your quokka misses the orc wizard.
HP[-6]
You take 6 damage, and now have 14/28 hp.
MASSIVE DAMAGE!! (PAUSE)
You hit the orc wizard. Your kick misses the orc wizard.
Your peck misses the orc wizard. Your hound misses the orc wizard.
The orc wizard gestures at you while chanting.
The magic dart hits you.
* * * LOW HITPOINT WARNING * * *
Your quokka closely misses the orc wizard.
Your hound bites the orc wizard.
The gnoll completely misses you.
HP[-5]
You take 5 damage, and now have 9/28 hp.
Your hound barely misses the orc wizard.
Your quokka barely misses the orc wizard.
The gnoll barely misses your quokka.
You hit the orc wizard but do no damage.
Your kick misses the orc wizard.
Your quokka closely misses the orc wizard.
The orc wizard hits you with a +0 dagger.
* * * LOW HITPOINT WARNING * * *
Your hound bites the orc wizard.
The gnoll hits your quokka with a +0 halberd!
Your quokka dies!
Your quokka's corpse disappears in a puff of smoke!
HP[-3]
You take 3 damage, and now have 6/28 hp.
You completely miss the orc wizard. Your hound misses the orc wizard.
The orc wizard hits you with a +0 dagger.
* * * LOW HITPOINT WARNING * * *
HP[-1]
You take 1 damage, and now have 5/28 hp.
Your hound bites the orc wizard.
The orc wizard points at you and mumbles some strange words.
You are confused.
Your hound bites the orc wizard.
The orc wizard dies!
Your Summonings skill increases to level 7!
Your hound bites the gnoll.
You bump into the rock wall.
The gnoll barely misses you.
Your hound bites the gnoll.
MP[+1]
Your hound bites the gnoll but does no damage.
HP[+1]
You bump into the rock wall.
The gnoll hits you from afar with a +0 halberd!
You die...

Skill      XL: |  1  2  3  4  5 |
---------------+----------------+-----
Summonings     | 5 6 7 |  7.1
Spellcasting   | 3 |  3.3
Dodging        | |  2.1
Stealth        | |  2.0

Action                   |  1- 3 |  4- 6 || total
-------------------------+-------+-------++-------
Melee: Unarmed           |     6 |       ||     6
       Kick              |     6 |     2 ||     8
       Peck              |     2 |     1 ||     3
       Club              |    15 |       ||    15
       Dagger            |       |    14 ||    14
 Cast: Summon Small Mamm |    42 |     4 ||    46
       Call Canine Famil |    10 |     9 ||    19
Armor: Robe              |    11 |     2 ||    13
Dodge: Dodged            |    40 |    21 ||    61

Levels and vault maps discovered:
D:1:      wander_arrival_estate, layout_basic, minmay_pentomino_t2
D:2:      layout_basic, basic_altar, basic_ecumenical_altar, dk_noncrumbling_4,
          minmay_crystal_room
D:3:      layout_rooms

Notes
Turn   | Place    | Note
-------+----------+-------------------------------------------
     0 | D:1      | zeratav the Tengu Summoner began the quest for the Orb.
     0 | D:1      | Reached XP level 1. HP: 10/10 MP: 4/4
     0 | D:1      | magus.rc [v1.9.6]
    52 | D:1      | Reached skill level 5 in Summonings
   233 | D:1      | Reached XP level 2. HP: 11/15 MP: 1/6
   548 | D:1      | magus.rc [v1.9.6]
   769 | D:1      | Reached XP level 3. HP: 19/19 MP: 4/7
   824 | D:1      | Learned a level 3 spell: Call Canine Familiar
   824 | D:1      | magus.rc [v1.9.6]
  1235 | D:1      | You add the spells Gell's Gravitas, Teleport Other and
                  | Dispersal to your library.
  1654 | D:2      | Reached skill level 6 in Summonings
  2032 | D:2      | Found a faded altar of an unknown god.
  2064 | D:2      | Found a bloodstained altar of Trog.
  2542 | D:3      | Reached XP level 4. HP: 20/24 MP: 3/9
  2903 | D:3      | Reached skill level 3 in Spellcasting
  2917 | D:3      | Gained mutation: Your magical nature lets you fly swiftly
                  | and evasively. [Tengu growth]
  2917 | D:3      | Reached XP level 5. HP: 28/28 MP: 6/10
  2927 | D:3      | HP: 6/28 [gnoll/+0 halberd (12)]
  2940 | D:3      | HP: 5/28 [orc/+0 club (2)]
  3213 | D:3      | HP: 6/28 [orc wizard/+0 dagger (3)]
  3216 | D:3      | Reached skill level 7 in Summonings
  3220 | D:3      | Slain by a gnoll

Vanquished Creatures
  An iguana (D:3)
  2 bats
  An endoplasm (D:1)
  A goblin (D:1)
  A hobgoblin (D:1)
  A jackal (D:2)
  A kobold (D:1)
  2 frilled lizards
10 creatures vanquished.

Vanquished Creatures (collateral kills)
  2 orc wizards (D:3)
  2 gnolls (D:3)
  An adder (D:3)
  A dart slug (D:1)
  2 orcs (D:3)
  3 ball pythons
  A bat (D:2)
  An endoplasm (D:1)
  2 giant cockroaches
  7 goblins
  3 hobgoblins
  10 jackals
  6 kobolds
  2 quokkas (D:1)
  2 frilled lizards
  2 rats
47 creatures vanquished.

Grand Total: 57 creatures vanquished

Table legend:
 A = Non-vault XP
 B = Vault XP
 C = Vault XP percentage of total XP
 D = Non-vault monster count
 E = Vault monster count
 F = Vault count percentage of total count
                 A         B        C        D         E       F
            +---------+---------+-------+---------+---------+-------
      Total |     240 |       3 |   1.2 |      55 |       2 |   3.5
            +---------+---------+-------+---------+---------+-------
        D:1 |      54 |       3 |   5.3 |      28 |       2 |   6.7
        D:2 |      22 |       0 |   0.0 |      12 |       0 |   0.0
        D:3 |     164 |       0 |   0.0 |      15 |       0 |   0.0
            +---------+---------+-------+---------+---------+-------

Illustrated notes

Table legend:
 A = Kills in this place as a percentage of kills in entire the game.
 B = Kills by you in this place as a percentage of kills by you in the entire game.
 C = Kills by friends in this place as a percentage of kills by friends in the entire game.
 D = Other kills in this place as a percentage of other kills in the entire game.
 E = Experience gained in this place as a percentage of experience gained in the entire game.
 F = Experience gained in this place divided by the number of levels of this place that you have seen.
                   A       B       C       D       E      F
               +-------+-------+-------+-------+-------+----------------------
         Total | 100.0 | 100.0 | 100.0 |   N/A | 100.0 |  81.0
       Dungeon | 100.0 | 100.0 | 100.0 |   N/A | 100.0 |  81.0
               +-------+-------+-------+-------+-------+----------------------

Table legend: (Time is in decaauts)
 A = Elapsed time spent in this place.
 B = Non-inter-level travel time spent in this place.
 C = Inter-level travel time spent in this place.
 D = Time resting spent in this place.
 E = Time spent auto-exploring this place.
 F = Levels seen in this place.
 G = Mean time per level.
                   A        B        C        D        E       F      G
               +--------+--------+--------+--------+--------+-----+--------+
         Total |   3219 |   3153 |     66 |    907 |   1530 |   3 | 1073.0 |
       Dungeon |   3219 |   3153 |     66 |    907 |   1530 |   3 | 1073.0 |
               +--------+--------+--------+--------+--------+-----+--------+

Top non-repeatable levels by time:
     D:1: 1521 daAuts
     D:2: 1255 daAuts
     D:3: 442 daAuts
